 Dungeon Crawl Stone Soup version 0.29-a0-1016-g236c7fd91e (webtiles) character file.

Game seed: 9357669976982386290

12 jlumianski the Chopper (level 2, -10/22 HPs)
             Began as a Demonspawn Gladiator on Aug 10, 2022.
             Mangled by an iguana (11 damage)
             ... on level 2 of the Dungeon.
             The game lasted 00:02:37 (1098 turns).

jlumianski the Chopper (Demonspawn Gladiator)       Turns: 1098, Time: 00:02:38

Health: -10/22     AC:  8    Str: 20    XL:     2   Next: 20%
Magic:  2/2        EV:  8    Int:  9    God:
Gold:   73         SH:  0    Dex: 14    Spells: 1/1 levels left

rFire   . . .      SeeInvis .   a - +0 war axe
rCold   . . .      Faith    .   (no shield)
rNeg    . . .      Spirit   .   l - +0 chain mail
rPois   .          Reflect  .   (helmet restricted)
rElec   .          Harm     .   (no cloak)
rCorr   .          Rampage  .   (no gloves)
Will    .....                   (no boots)
Stlth   ..........              (no amulet)
HPRegen 0.07/turn               m - +6 ring of strength
MPRegen 0.08/turn               (no ring)

@: no status effects
A: antennae 1
a: no special abilities


You were on level 2 of the Dungeon.
You visited 1 branch of the dungeon, and saw 3 of its levels.

You collected 73 gold pieces.

Inventory:

Hand Weapons
 a - a +0 war axe (weapon)
Missiles
 d - 3 throwing nets (quivered)
 e - a javelin
Armour
 b - a +0 leather armour
 c - a +0 helmet
 l - a +0 chain mail (worn)
Jewellery
 i - an amulet of faith
 m - a +6 ring of strength (left hand)
Scrolls
 f - 2 scrolls of immolation {unknown}
 h - a scroll of poison {unknown}
 n - a scroll of torment {unknown}
Potions
 g - a potion of lignification {unknown}
 j - 2 potions of cancellation
 k - a potion of flight


   Skills:
 + Level 2.0 Fighting
 + Level 3.0 Axes
 + Level 1.9 Throwing
 + Level 0.2 Armour
 + Level 2.9 Dodging


You had one spell level left.
You didn't know any spells.
Your spell library contained the following spells:

 Spells                   Type           Power      Damage    Failure   Level
 Dazzling Flash           Conj/Hex       0%         N/A       100%        3
 Iskenderun's Mystic Bla  Conj/Tloc      0%         2d3       100%        4
 Starburst                Conj/Fire      0%         6d3       100%        6


Dungeon Overview and Level Annotations

Branches:
Dungeon (3/15)

Altars:


Innate Abilities, Weirdness & Mutations

You have a pair of small antennae on your head.


Message History

There is a stone staircase leading up here.
You climb upwards.
The goblin shouts!
You hear an angry hiss.
Found 7 stones.
There is a stone staircase leading down here.
You barely miss the goblin.
An iguana comes into view.
The goblin hits you but does no damage.
You barely miss the goblin. The goblin hits you but does no damage.
You slash the goblin!
You kill the goblin!
Found a yellow potion.
The iguana bites you.
You barely miss the iguana.
The iguana bites you but does no damage.
You closely miss the iguana. The iguana barely misses you.
The iguana bites you but does no damage.
You hit the iguana but do no damage. The iguana bites you.
You barely miss the iguana. The iguana bites you.
You closely miss the iguana.
The iguana hisses menacingly.
The iguana barely misses you.
The iguana bites you but does no damage.
You slash the iguana!
The iguana is moderately wounded.
The iguana closely misses you.
You closely miss the iguana.
The iguana is moderately wounded.
The iguana bites you.
You slash the iguana!
The iguana is almost dead.
The iguana bites you.
* * * LOW HITPOINT WARNING * * *
The iguana bites you.
* * * LOW HITPOINT WARNING * * *
You hit the iguana but do no damage.
The iguana is almost dead.
The iguana bites you!
Ouch! That really hurt!
You die...

........#
........#
........#
........#
........#
........##
.........##
.!....l@.>#
########.)#
#.(# #..#
#..# #..#
#..# ...#
#.#


You could see an iguana.

Vanquished Creatures
  An endoplasm (D:1)
  3 goblins
  A hobgoblin (D:1)
  2 ball pythons (D:1)
  A bat (D:1)
  2 frilled lizards (D:1)
  A kobold (D:1)
  2 rats
13 creatures vanquished.

Notes
Turn   | Place    | Note
-------+----------+-------------------------------------------
     0 | D:1      | jlumianski the Demonspawn Gladiator began the quest for the
                  | Orb.
     0 | D:1      | Reached XP level 1. HP: 16/16 MP: 1/1
   172 | D:1      | Found a faded altar of an unknown god.
   767 | D:1      | Discovered your monstrous ancestry.
   767 | D:1      | Gained mutation: You have a pair of small antennae on your
                  | head. [demonic ancestry]
   767 | D:1      | Reached XP level 2. HP: 22/22 MP: 2/2
  1022 | D:3      | Reached skill level 3 in Axes
  1097 | D:2      | HP: 1/22 [iguana (5)]
  1098 | D:2      | Mangled by an iguana

Illustrated notes

Levels and vault maps discovered:
D:1:      reono_arrival_mine, layout_basic, ebering_ecumenical_altar_rust,
          minivault_24, minmay_misc_feat_nine_boxes, minmay_box_of_dots
D:2:      layout_basic, uniq_jessica
D:3:      layout_loops_ring, mainiacjoe_overflow_surrounded_room

Skill      XL: |  1  2 |
---------------+-------+-----
Axes           | 3 |  3.0
Fighting       | |  2.0
Throwing       | |  1.9
Armour         | |  0.2
Dodging        | |  2.9

Action                   || total
-------------------------++-------
Melee: War axe           ||    40
  Use: Potion            ||     2
Armor: Leather armour    ||    10
       Chain mail        ||     7
Dodge: Dodged            ||    34

Table legend: (Time is in decaauts)
 A = Elapsed time spent in this place.
 B = Non-inter-level travel time spent in this place.
 C = Inter-level travel time spent in this place.
 D = Time resting spent in this place.
 E = Time spent auto-exploring this place.
 F = Levels seen in this place.
 G = Mean time per level.
                   A        B        C        D        E       F      G
               +--------+--------+--------+--------+--------+-----+--------+
         Total |   1111 |   1089 |     22 |      0 |    793 |   3 |  370.3 |
       Dungeon |   1111 |   1089 |     22 |      0 |    793 |   3 |  370.3 |
               +--------+--------+--------+--------+--------+-----+--------+

Top non-repeatable levels by time:
     D:1: 964 daAuts
     D:3: 91 daAuts
     D:2: 55 daAuts
